 Dungeon Crawl Stone Soup version 0.25.1-2-g60ff931df9 (webtiles) character file.

Game seed: 11689451187874003951

375 OdinFK the Chopper (level 6, -5/52 HPs)
             Began as a Hill Orc Fighter on Oct 4, 2020.
             Splashed by a jelly's acid (9 damage)
             ... on level 3 of the Dungeon.
             The game lasted 00:14:14 (3772 turns).

OdinFK the Chopper (Hill Orc Fighter)               Turns: 3772, Time: 00:14:15

Health: -5/52      AC:  0    Str: 21    XL:     6   Next: 72%
Magic:  6/6        EV:  7    Int:  8    God:
Gold:   191        SH:  9    Dex: 10    Spells: 5/5 levels left

rFire    . . .     SeeInvis .   g - +0 hand axe (curse)
rCold    . . .     Gourm    .   c - +0 kite shield
rNeg     . . .     Faith    .   b - +0 scale mail
rPois    .         Spirit   .   (no helmet)
rElec    .         Reflect  .   (no cloak)
rCorr    .         Harm     .   (no gloves)
MR       .....     Rnd*Tele +   j - +0 pair of boots
Stlth    ..........             (no amulet)
HPRegen  0.17/turn              e - ring of teleportation (curse)
MPRegen  0.10/turn              (no ring)

@: corroded, slowed, very slow
A: no striking features
a: no special abilities


You were on level 3 of the Dungeon.
You were not hungry.

You visited 1 branch of the dungeon, and saw 3 of its levels.

You collected 191 gold pieces.

Inventory:

Hand Weapons
 a - a +0 war axe
 g - a cursed +0 hand axe (weapon)
 o - a +0 dagger of electrocution
Missiles
 l - 9 poisoned darts (quivered)
Armour
 b - a +0 scale mail (worn)
 c - a +0 kite shield (worn)
 j - a +0 pair of boots (worn)
Jewellery
 e - a cursed ring of teleportation (left hand)
Scrolls
 d - a scroll of enchant armour
 i - a scroll of identify
 k - a scroll of fog {unknown}
 s - a scroll of enchant weapon
Potions
 m - a potion of might
 n - 2 potions of curing {unknown}
 p - a potion of lignification {unknown}
 r - 2 potions of flight {unknown}
 t - a potion of magic {unknown}
Comestibles
 f - 4 rations


   Skills:
 + Level 4.1 Fighting
 + Level 7.5 Axes
 - Level 0.5 Throwing
 + Level 4.1 Armour
 + Level 4.1 Shields


You had 5 spell levels left.
You didn't know any spells.
Your spell library was empty.

Dungeon Overview and Level Annotations

Branches:
Dungeon (3/15)

Altars:

Annotations:
D:3 Natasha


Message History

As you read the scroll labeled YCOICL VIWELOBB, it crumbles to dust.
The creatures around you are filled with an inner flame!
It was a scroll of immolation.
Natasha casts a spell.
The jelly hits you.
You are splashed with acid!
* * * LOW HITPOINT WARNING * * *
The iron imp hits you!
* * * LOW HITPOINT WARNING * * *
The iron imp barely misses you. You block the jelly's attack.
As you read the scroll labeled YKKUZOFIBB, it crumbles to dust.
It is a scroll of enchant weapon.
Your cursed -1 hand axe glows red for a moment.
You block the jelly's attack. The iron imp closely misses you.
Unknown command.
As you read the scroll labeled GYUN KAVVOKO, it crumbles to dust.
You smell baking bread.
It was a scroll of random uselessness.
The jelly hits you.
* * * LOW HITPOINT WARNING * * *
You are splashed with acid!
You die...

##.# #################..... ...#
#..............##.#...
##.#########.#########.#.#.......
....................>..#.#.#.#...
.....................#.#.#.#.#...
##########.#.#####...............
#####......#.# #.........#.#...
....'......#.#####.......#.#.....
.####......#.##.@Jh............#.
.# ###'##.#.##5##5#...#.#.###<#.
.# #.##.#.##.##.#.#.#.......).
.## #....5....<#.#.#.#.#####.#.
..## ####.#.#.....#.#.#.# #.#.
.#.# #.#.#######.#(#########.
รท##### #...#.......#.((........
.....# #.####.######.##########
.....# #................#######


You could see a jelly (inner flame), an iron imp (summoned, inner flame),
Natasha (inner flame) and a shadow imp (summoned).

Vanquished Creatures
  3 orc wizards (D:2)
  Natasha (twice) (D:3)
  A worker ant (D:2)
  4 gnolls (D:3)
  4 adders
  5 oozes
  A worm (D:2)
  2 dart slugs
  2 leopard geckos
  9 orcs
  12 bats
  9 giant cockroaches
  13 goblins
  4 hobgoblins
  8 jackals
  A quokka (D:2)
  2 ball pythons
  7 frilled lizards
  12 kobolds
  10 rats
111 creatures vanquished.

Vanquished Creatures (others)
  5 fungi (D:3)
  8 toadstools (D:3)
13 creatures vanquished.

Grand Total: 124 creatures vanquished

Notes
Turn   | Place    | Note
-------+----------+-------------------------------------------
     0 | D:1      | OdinFK the Hill Orc Fighter began the quest for the Orb.
     0 | D:1      | Reached XP level 1. HP: 19/19 MP: 1/1
    53 | D:1      | Reached XP level 2. HP: 20/27 MP: 2/2
    87 | D:1      | Reached skill level 3 in Axes
   291 | D:1      | Reached XP level 3. HP: 30/33 MP: 3/3
   953 | D:2      | Reached XP level 4. HP: 30/40 MP: 4/4
  1145 | D:2      | Reached skill level 4 in Axes
  1624 | D:2      | Reached XP level 5. HP: 30/46 MP: 5/5
  1730 | D:3      | Reached skill level 5 in Axes
  1928 | D:3      | Noticed Natasha
  1942 | D:3      | Killed Natasha
  2158 | D:3      | Reached skill level 6 in Axes
  2292 | D:3      | Reached XP level 6. HP: 49/52 MP: 6/6
  2472 | D:2      | Reached skill level 7 in Axes
  3541 | D:3      | Noticed Natasha
  3557 | D:3      | Killed Natasha
  3749 | D:3      | Noticed Natasha
  3772 | D:3      | Splashed by a jelly's acid

Illustrated notes

Levels and vault maps discovered:
D:1:      zelgadis_glass_arrival_small, layout_basic, minmay_octomino_e4
D:2:      layout_rooms
D:3:      cheibrodos_fertilizer, layout_basic, uniq_natasha

Skill      XL: |  1  2  3  4  5  6 |
---------------+-------------------+-----
Axes           | 3 4 6 7 |  7.5
Fighting       | 4 |  4.1
Armour         | 4 |  4.1
Shields        | 4 |  4.1
Throwing       | |  0.5

Action                   |  1- 3 |  4- 6 || total
-------------------------+-------+-------++-------
Melee: War axe           |    26 |       ||    26
       Hand axe          |    91 |   313 ||   404
  Use: Scroll            |       |     4 ||     4
  Eat: Chunk             |       |    10 ||    10
Armor: Scale mail        |    63 |   126 ||   189
Dodge: Dodged            |    27 |    80 ||   107
Block: Kite shield       |    66 |   149 ||   215
